 Dungeon Crawl Stone Soup version 0.30.0-10-gfe55d96785 (webtiles) character file.

Game seed: 9951609242750438059

438 McKennaii the Conjurer (level 6, -2/45 HPs)
             Began as a Demigod Conjurer on May 15, 2023.
             Slain by a lemure (4 damage)
             ... led by Pikel
             ... on level 4 of the Dungeon.
             The game lasted 00:03:23 (4342 turns).

McKennaii the Conjurer (Demigod Conjurer)           Turns: 4342, Time: 00:03:24

Health: -2/45      AC:  2    Str:  8    XL:     6   Next: 41%
Magic:  3/15       EV: 12    Int: 28    God:
Gold:   149        SH:  0    Dex: 12    Spells: 6/13 levels left

rFire   + . .        j - staff of earth
rCold   + . .        (no shield)
rNeg    . . .        a - +0 robe
rPois   +            (no helmet)
rElec   +            (no cloak)
rCorr   +            (no gloves)
SInv    .            (no boots)
Will    .....        (no amulet)
Stlth   ++           c - ring of poison resistance
HPRegen 0.27/turn    (no ring)
MPRegen 0.14/turn

%: no passive effects
@: resistant, very slightly contaminated
A: high MP 1, forlorn, divine attributes
a: no special abilities


You were on level 4 of the Dungeon.
You visited 1 branch of the dungeon, and saw 4 of its levels.

You collected 149 gold pieces.

Inventory:

Armour
 a - a +0 robe (worn)
Magical Staves
 j - a staff of earth (weapon)
Jewellery
 c - a ring of poison resistance (left hand)
 v - a ring of flight
Wands
 r - a wand of flame (9)
Scrolls
 f - 5 scrolls of identify {unknown}
 h - 2 scrolls of teleportation
 o - a scroll of poison {unknown}
 p - a scroll of enchant weapon {unknown}
 q - a scroll of silence {unknown}
 s - a scroll of enchant armour {unknown}
 t - a scroll of vulnerability {unknown}
 u - a scroll of magic mapping {unknown}
Potions
 b - 3 potions of magic
 d - a potion of resistance
 e - a potion of heal wounds {unknown}
 i - a potion of flight {unknown}
 k - a potion of brilliance {unknown}
 l - a potion of attraction {unknown}
 m - 2 potions of invisibility {unknown}


   Skills:
 - Level 1.7 Dodging
 - Level 1.7 Stealth
 + Level 4.4 Spellcasting
 + Level 5.8 Conjurations


You had 6 spell levels left.
You knew the following spells:

 Your Spells              Type           Power      Damage    Failure   Level
a - Magic Dart            Conj           100%       1d8       1%          1
b - Searing Ray           Conj           76%        2d7       1%          2
c - Iskenderun's Mystic   Conj/Tloc      22%        2d6       22%         4

Your spell library contained the following spells:

 Spells                   Type           Power      Damage    Failure   Level
 Dazzling Flash           Conj/Hex       44%        N/A       6%          3
 Gell's Gravitas          Tloc           6%         N/A       22%         3
 Teleport Other           Tloc           6%         N/A       22%         3
 Fulminant Prism          Conj/Hex       11%        3d9       22%         4
 Dispersal                Tloc           3%         N/A       100%        6


Dungeon Overview and Level Annotations

Branches:
Dungeon (4/15)
 Temple: D:4-7

Annotations:
D:4 1 runed translucent door, 2 transporters, Crazy Yiuf; Pikel; soepkip's ghost, amateur TeAE


Innate Abilities, Weirdness & Mutations

You have an increased reservoir of magic. (+10% MP)
You shall have no god before yourself.
Your divine heritage dramatically boosts your attributes as you level up.


Message History

Confirm with . or Enter, or press ? or * to list all spells.
Aiming: Searing Ray (safe; 1% risk of failure)
Press: ? - help, Shift-Dir - straight line, f/p - Pikel
Aim: Pikel, wielding a +0 whip of electrocution and wearing a +0 robe (severely wounded, 76% to hit)
Okay, then.
Casting: Searing Ray (safe; 1% risk of failure)
Confirm with . or Enter, or press ? or * to list all spells.
The spell is quite dangerous to miscast (22% risk of failure)!
Continue anyway?
You miscast Iskenderun's Mystic Blast.
You are very lightly contaminated with residual magic.
Space twists in upon itself.
You are magically locked in place.
Pikel hits you with a +0 whip of electrocution!
Unknown command.
Unknown command.
Unknown command.
As you read the scroll labelled IGEEMUTAOWK, it crumbles to dust.
The scroll dissolves into smoke.
It was a scroll of fog.
Pikel hits you with a +0 whip of electrocution!
* * * LOW HITPOINT WARNING * * *
The lemure hits you.
* * * LOW HITPOINT WARNING * * *
It was a potion of curing.
You feel better. Pikel hits you but does no damage. The lemure hits you!
* * * LOW HITPOINT WARNING * * *
It was a potion of resistance.
You feel protected. Pikel misses you. The lemure misses you.
Unknown command.
You feel better.
You are no longer locked in place.
Pikel closely misses you. The lemure hits you but does no damage.
Unknown command.
The lemure attacks as you move away! The lemure hits you!
* * * LOW HITPOINT WARNING * * *
The lemure attacks as you move away! The lemure closely misses you.
Pikel attacks as you move away! Pikel barely misses you.
The lemure attacks as you move away! The lemure hits you.
* * * LOW HITPOINT WARNING * * *
The lemure attacks as you move away! The lemure hits you.
You die...

#.......#....#
#########..<.#
#.....########
#............#
#............#
#............#
#.........>..#
##########....##.....#
.........#....##@....#
##.......#(....5K....#
###.....#..........(#
####.....#...........#
..##.....#§§..########
..##.....#§§.§##...#########
..##.....#§§§§......#.>....#
.........#§§§.§.....#......#
#..#.....§§§§§......#......#


You could see Pikel and a lemure.

Vanquished Creatures
  A black bear (D:4)
  An ogre (D:4)
  3 lemures (D:4)
  A phantom (D:3)
  A sleepcap (D:4)
  2 iguanas (D:4)
  5 adders
  3 dart slugs
  2 orcs
  5 bats
  6 endoplasms
  3 giant cockroaches
  5 goblins
  7 hobgoblins
  5 quokkas
  4 ball pythons
  2 frilled lizards (D:1)
  4 kobolds
  3 rats
63 creatures vanquished.

Notes
Turn   | Place    | Note
-------+----------+-------------------------------------------
     0 | D:1      | McKennaii the Demigod Conjurer began the quest for the Orb.
     0 | D:1      | Reached XP level 1. HP: 14/14 MP: 5/5
   225 | D:1      | Reached XP level 2. HP: 20/20 MP: 2/7
   559 | D:1      | Reached skill level 4 in Conjurations
  1278 | D:2      | Learned a level 2 spell: Searing Ray
  1629 | D:2      | Reached XP level 3. HP: 26/26 MP: 7/9
  2021 | D:3      | Noticed a phantom
  2027 | D:3      | Killed a phantom
  2028 | D:3      | Reached XP level 4. HP: 32/33 MP: 2/11
  2033 | D:3      | Learned a level 4 spell: Iskenderun's Mystic Blast
  2679 | D:4      | Reached XP level 5. HP: 20/38 MP: 3/13
  2683 | D:4      | Reached skill level 5 in Conjurations
  2798 | D:4      | Found a runed translucent door.
  2799 | D:4      | Noticed Crazy Yiuf
  2901 | D:4      | Noticed Pikel
  3208 | D:4      | Noticed an ogre
  3213 | D:4      | Killed an ogre
  3297 | D:4      | Found a transporter.
  3320 | D:4      | Identified the +5 ring mail "Adoliw" {Str+3}
  3362 | D:4      | Reached XP level 6. HP: 45/45 MP: 10/15
  3619 | D:4      | Found a transporter.
  4094 | D:4      | Noticed soepkip's ghost (amateur TeAE)
  4331 | D:4      | HP: 2/45 [lemure[Pikel] (3)]
  4340 | D:4      | HP: 2/45 [lemure[Pikel] (2)]
  4342 | D:4      | Slain by a lemure

Illustrated notes

Levels and vault maps discovered:
D:1:      ncdulo_lavacross, layout_loops_ring, chequers_serial_rivers_micro_a,
          st_stairs_6
D:2:      layout_basic
D:3:      layout_rooms
D:4:      layout_gridville, nicolae_overflow_crystal_walls,
          gammafunk_ghost_gnarly_gnolls, saegor_snake_ambush,
          uniq_crazy_yiuf_cottage, uniq_pikel

Skill      XL: |  1  2  3  4  5 |
---------------+----------------+-----
Spellcasting   | 2 3 4 |  4.4
Conjurations   | 4 5 |  5.8
Dodging        | |  1.7
Stealth        | |  1.7

Action                     |  1- 3 |  4- 6 || total
---------------------------+-------+-------++-------
   Cast: Magic Dart        |    73 |    69 ||   142
         Searing Ray       |     1 |    15 ||    16
         Iskenderun's Myst |       |     2 ||     2
  Evoke: Wand              |       |     2 ||     2
    Use: Potion            |       |     3 ||     3
         Scroll            |       |     2 ||     2
 Armour: Robe              |       |     7 ||     7
  Dodge: Dodged            |     3 |    31 ||    34
